 Dungeon Crawl Stone Soup version 0.31.0-11-ge490571c62 (webtiles) character file.

Game seed: 9458426822514607419

91 howech the Changeling (level 4, -1/29 HPs)
             Began as an Octopode Shapeshifter on Feb 4, 2024.
             Splashed by a jelly's acid (5 damage)
             ... on level 3 of the Dungeon.
             The game lasted 00:03:55 (2050 turns).

howech the Changeling (Octopode Shapeshifter)       Turns: 2050, Time: 00:03:56

Health: -1/29      AC:  1    Str: 15    XL:     4   Next: 57%
Magic:  13/13      EV: 13    Int: 12    God:
Gold:   68         SH:  0    Dex: 11    Spells: 3/3 levels left

rFire   . . .        a - +3 hand axe
rCold   . . .        (no shield)
rNeg    . . .        (helmet currently unavailable)
rPois   .            (no amulet)
rElec   .            k - ring of magical power
rCorr   .            (no ring)
SInv    .            (no ring)
Will    .....        (no ring)
Stlth   +++          (no ring)
HPRegen 0.24/turn    (no ring)
MPRegen 0.13/turn    (no ring)
                     (no ring)

%: no passive effects
@: beast-form
A: beast (slay +2), almost no armour, amphibious, 8 rings, camouflage 1,
gelatinous body 1, (nimble swimmer 1), tentacles
a: Begin Untransformation


You were on level 3 of the Dungeon.
You were a hulking beast.
You visited 1 branch of the dungeon, and saw 3 of its levels.

You collected 68 gold pieces.

Inventory:

Hand Weapons
 a - a +3 hand axe (weapon)
Jewellery
 k - a ring of magical power (left tentacle)
Talismans
 b - a beast talisman
 c - a flux talisman
Wands
 i - a wand of iceblast (8)
Scrolls
 d - a scroll of identify {unknown}
 e - a scroll of vulnerability {unknown}
 f - 2 scrolls of amnesia
 g - 2 scrolls of enchant weapon {unknown}
 m - a scroll of poison {unknown}
Potions
 h - 2 potions of magic {unknown}
 j - a potion of lignification
 l - 3 potions of heal wounds {unknown}
 n - a potion of haste {unknown}


   Skills:
 + Level 1.9 Fighting
 + Level 0.7 Axes
 + Level 2.5 Dodging
 + Level 1.6 Stealth
 + Level 3.4 Unarmed Combat
 + Level 0.1 Spellcasting
 + Level 0.1 Evocations
 * Level 3.6 Shapeshifting


You had 3 spell levels left.
You didn't know any spells.
Your spell library contained the following spells:

 Spells                   Type           Power      Damage    Failure   Level
 Kiss of Death            Conj/Necr      0%         2d5       32%         1
 Confusing Touch          Hex            0%         N/A       69%         3
 Dispel Undead            Necr           0%         3d6       97%         4


Dungeon Overview and Level Annotations

Branches:
Dungeon (3/15)

Altars:

Shops:
D:2 *


Innate Abilities, Weirdness & Mutations

You are a hulking beast.
Your limbs bulge with bestial killing power. (Slay +2)
You cannot wear most types of armour.
You are amphibious.
You can wear up to eight rings at the same time.
Your skin changes colour to match your surroundings (Stealth+).
Your rubbery body absorbs attacks. (AC +1, EV +1)
((You are camouflaged when in or above water. (Stealth+)))
You have tentacles for arms and can constrict up to eight enemies at once.


Message History

Done waiting. 2 jackals come into view.
The jackal barks!
You hear a bark!
A jackal comes into view.
A quokka comes into view.
Found a chain mail.
The jelly quivers.
The jackal closely misses you.
The jackal barks!
You slash the jackal!
You kill the jackal!
You miss the jackal. The jackal closely misses you. x2
You closely miss the jackal. You grab the jackal. You hit the jackal.
You constrict the jackal. The jackal closely misses you. The jackal bites you.
You hit the jackal. Your squeeze misses the jackal.
The jackal is almost dead.
You barely miss the jackal. You constrict the jackal.
You kill the jackal!
The jackal bites you. The jackal barely misses you.
Unknown command.
You closely miss the jackal. Your grab misses the jackal.
The jackal is heavily wounded.
The jackal barely misses you. The quokka barely misses you.
The jackal misses you.
Unknown command.
You hit the jackal.
You kill the jackal!
You hit the quokka. The quokka bites you.
Unknown command.
You closely miss the quokka. You grab the quokka.
The quokka is lightly wounded.
You slash the jackal!
You kill the jackal!
You hit the jelly.
Your tentacles burn!
You constrict the quokka. The quokka barely misses you. The quokka bites you.
The jelly jiggles.
The jelly hits you.
You are splashed with acid!
* * * LOW HITPOINT WARNING * * *
You hit the jelly.
Your tentacles burn!
You die...

.###........?# #.....
.............# #.....
#..........######.....
#.?.......#..........
#....#### #..........
####.......# #.......#..
........##.###.......#..
........##...'.......###
......†h######.......###
......Jr# ##...#####<
........# #...#.# ##
........# #...#..###
........# #...##....
......... ##...## #..
......... ##.....###..
.......[. #.......##..
##.......###.


You could see a jelly and a quokka.

Vanquished Creatures
  Natasha (D:2)
  2 adders
  A ribbon worm (D:2)
  A giant cockroach (D:1)
  8 hobgoblins
  7 jackals
  4 quokkas
  2 ball pythons (D:1)
  5 bats
  2 frilled lizards (D:1)
  2 goblins (D:1)
  4 kobolds
  5 rats
44 creatures vanquished.

Notes
Turn   | Place    | Note
-------+----------+-------------------------------------------
     0 | D:1      | howech the Octopode Shapeshifter began the quest for the
                  | Orb.
     0 | D:1      | Reached XP level 1. HP: 13/13 MP: 1/1
   268 | D:1      | Reached XP level 2. HP: 13/18 MP: 2/2
   612 | D:1      | Reached XP level 3. HP: 18/23 MP: 3/3
  1211 | D:2      | Reached skill level 1 in Stealth
  1555 | D:2      | Found Ureaczuo's Assorted Antiques.
  1556 | D:2      | Noticed Natasha
  1562 | D:2      | Killed Natasha
  1563 | D:2      | Reached XP level 4. HP: 25/29 MP: 4/4
  2050 | D:3      | Splashed by a jelly's acid

Illustrated notes

Levels and vault maps discovered:
D:1:      dpeg_arrival_pits, layout_basic
D:2:      layout_loops_cross, serial_shops, shop, uniq_natasha
D:3:      layout_basic, lightli_temple_of_fire, nicolae_underground_beach

Skill      XL: |  1  2  3 |
---------------+----------+-----
Stealth        | 1 |  1.6
Fighting       | |  1.9
Axes           | |  0.7
Dodging        | |  2.5
Unarmed Combat | |  3.4
Spellcasting   | |  0.1
Evocations     | |  0.1
Shapeshifting  | |  3.6

Action                     |  1- 3 |  4- 6 || total
---------------------------+-------+-------++-------
  Melee: Unarmed           |    56 |       ||    56
         Constrict         |    17 |     4 ||    21
         Tentacles         |    10 |     1 ||    11
         Hand axe          |    11 |    15 ||    26
    Use: Scroll            |     1 |       ||     1
   Stab: Sleeping          |    13 |     4 ||    17
 Armour: Skin              |    25 |     8 ||    33
  Dodge: Dodged            |    31 |    13 ||    44
